 Dungeon Crawl Stone Soup version 0.30-a0-355-g4c39ff33d3 (webtiles) character file.

Game seed: 16944732234902780586

1122 Engwar the Magician (level 8, -2/54 HPs)
             Began as an Octopode Hedge Wizard on Nov 8, 2022.
             Slain by a steam dragon (4 damage)
             ... on level 6 of the Dungeon.
             The game lasted 00:22:16 (7372 turns).

Engwar the Magician (Octopode Hedge Wizard)         Turns: 7372, Time: 00:22:16

Health: -2/54      AC:  2    Str:  9    XL:     8   Next: 35%
Magic:  12/15      EV: 13    Int: 19    God:
Gold:   373        SH:  0    Dex: 11    Spells: 3/17 levels left

rFire   . . .      SeeInvis .    g - +3 whip (venom)
rCold   . . .      Faith    .    (no shield)
rNeg    . . .      Spirit   .    b - +1 hat
rPois   .          Reflect  .    (no amulet)
rElec   .          Harm     .    (no ring)
rCorr   .          Rampage  .    (no ring)
Will    .....                    (no ring)
Stlth   +++.......               (no ring)
HPRegen 0.29/turn                (no ring)
MPRegen 0.14/turn                (no ring)
                                 (no ring)
                                 (no ring)

@: no status effects
A: almost no armour, amphibious, 8 rings, camouflage 1, gelatinous body 1,
(nimble swimmer 1), tentacles
a: no special abilities


You were on level 6 of the Dungeon.
You visited 1 branch of the dungeon, and saw 6 of its levels.
You also visited: Sewer.

You collected 373 gold pieces.

Inventory:

Hand Weapons
 g - a +3 whip of venom (weapon)
 q - a +1 whip of draining
Missiles
 f - 2 throwing nets
Armour
 b - a +1 hat (worn)
 h - a +0 kite shield
Wands
 a - a wand of flame (15)
 l - a wand of charming (12)
Scrolls
 d - a scroll of vulnerability
 k - 2 scrolls of magic mapping
Potions
 c - 4 potions of magic
 e - a potion of brilliance {unknown}
 i - a potion of curing
 j - 2 potions of might
 m - 2 potions of haste {unknown}
 n - a potion of flight
 p - 2 potions of mutation
 s - a potion of heal wounds {unknown}


   Skills:
 + Level 4.4 Fighting
 - Level 2.0 Dodging
 - Level 2.6 Stealth
 + Level 5.2 Spellcasting
 + Level 4.6 Conjurations
 + Level 2.5 Summonings
 - Level 2.0 Translocations
 - Level 2.1 Air Magic
 + Level 3.4 Poison Magic


You had 3 spell levels left.
You knew the following spells:

 Your Spells              Type           Power      Damage    Failure   Level
a - Magic Dart            Conj           88%        1d7       1%          1
b - Call Imp              Summ           14%        N/A       6%          2
c - Mephitic Cloud        Conj/Pois/Air  17%        N/A       9%          3
d - Blink                 Tloc           24%        N/A       9%          2
e - Slow                  Hex            16%        N/A       12%         1
f - Cigotuvi's Dreadful   Necr/Pois/Air  24%        N/A       9%          2
g - Call Canine Familiar  Summ           14%        N/A       13%         3

Your spell library contained the following spells:

 Spells                   Type           Power      Damage    Failure   Level
 Portal Projectile        Hex/Tloc       16%        N/A       24%         3
 Passage of Golubria      Tloc           12%        N/A       47%         4
 Dispel Undead            Necr           4%         3d7       77%         4
 Leda's Liquefaction      Hex/Erth       2%         N/A       77%         4
 Silence                  Hex/Air        4%         N/A       91%         5
 Death Channel            Necr           2%         N/A       100%        6
 Lehudib's Crystal Spear  Conj/Erth      6%         10d3      100%        8


Dungeon Overview and Level Annotations

Branches:
Dungeon (6/15)              Sewer (visited)
 Temple: D:4-7

Altars:
Cheibriados
Elyvilon
Fedhas
Kikubaaqudgha

Shops:
D:4 (


Innate Abilities, Weirdness & Mutations

You cannot wear most types of armour.
You are amphibious.
You can wear up to eight rings at the same time.
Your skin changes colour to match your surroundings (Stealth+).
Your rubbery body absorbs attacks. (AC +1, EV +1)
((You are camouflaged when in or above water. (Stealth+)))
You have tentacles for arms and can constrict up to eight enemies at once.


Message History

The steam dragon breathes steam at you. The ball of steam hits you!!
* * * LOW HITPOINT WARNING * * *
Your crimson imp barely misses the steam dragon.
You hit the steam dragon.
The steam dragon is poisoned.
The steam dragon is moderately wounded.
The steam dragon barely misses you. The steam dragon closely misses you.
Your crimson imp hits the steam dragon but does no damage.
You closely miss the steam dragon.
The steam dragon is moderately wounded.
The steam dragon barely misses you. The steam dragon closely misses you.
Your crimson imp hits the steam dragon but does no damage.
The steam dragon bites you!
* * * LOW HITPOINT WARNING * * *
The steam dragon claws you.
* * * LOW HITPOINT WARNING * * *
Okay, then.
You hit the steam dragon but do no damage.
The steam dragon looks as sick as possible!
The steam dragon is moderately wounded.
Your crimson imp hits the steam dragon but does no damage.
The steam dragon misses your crimson imp.
The steam dragon barely misses your crimson imp.
You barely miss the steam dragon.
The steam dragon is heavily wounded.
Your crimson imp hits the steam dragon.
The steam dragon closely misses you. The steam dragon claws you.
* * * LOW HITPOINT WARNING * * *
You hit the steam dragon but do no damage.
The steam dragon looks as sick as possible!
The steam dragon is heavily wounded.
Your crimson imp hits the steam dragon.
The steam dragon barely misses your crimson imp.
The steam dragon claws your crimson imp.
You hit the steam dragon but do no damage.
The steam dragon looks as sick as possible!
The steam dragon is severely wounded.
Your crimson imp blinks!
The steam dragon barely misses you. The steam dragon claws you.
You die...

#.......#
#.......#
#.....###
##.......#
#5......#
#...<...#
#.......#
#..##...#
#######@.##...##
.......D.......#
......ยง........#
.......$.......#
....##...###..##
#... #...# ###...
#.. ...... ..##
#...##..... ..#
.. #...... ..#


You could see a steam dragon (extremely poisoned, ally target) and a friendly
crimson imp (summoned).

Vanquished Creatures
  Menkaure (D:5)
  An ogre (D:4)
  A centaur (D:5)
  2 kobold brigands (Sewer)
  A howler monkey (D:5)
  An orc priest (D:5)
  A hound (D:5)
  A jelly (D:3)
  A gnoll bouda (D:4)
  Ijyb (D:3)
  An iguana (D:5)
  2 orc wizards (D:4)
  4 gnolls (D:4)
  9 adders
  A river rat (D:4)
  A white imp (D:6)
  2 ufetubi (D:4)
  3 worms (Sewer)
  5 dart slugs
  10 orcs
  14 endoplasms
  5 giant cockroaches
  8 goblins
  7 hobgoblins
  3 jackals (D:1)
  4 quokkas
  16 ball pythons
  6 bats
  2 frilled lizards
  8 kobolds
  13 rats
135 creatures vanquished.

Vanquished Creatures (collateral kills)
  A kobold brigand (Sewer)
  A jelly (D:5)
  An orc wizard (D:5)
  A gnoll (D:4)
  An adder (Sewer)
  2 worms (D:2)
  3 orcs (D:5)
  An endoplasm (D:3)
  A hobgoblin (D:4)
  A ball python (D:3)
  A rat (D:4)
14 creatures vanquished.

Grand Total: 149 creatures vanquished

Notes
Turn   | Place    | Note
-------+----------+-------------------------------------------
     0 | D:1      | Engwar the Octopode Hedge Wizard began the quest for the
                  | Orb.
     0 | D:1      | Reached XP level 1. HP: 11/11 MP: 4/4
   155 | D:1      | Reached XP level 2. HP: 12/18 MP: 3/6
   159 | D:1      | Learned a level 2 spell: Call Imp
   440 | D:1      | Found a faded altar of an unknown god.
   540 | D:1      | Reached skill level 1 in Fighting
   722 | D:1      | Reached XP level 3. HP: 23/23 MP: 2/7
   726 | D:1      | Learned a level 3 spell: Mephitic Cloud
  1863 | D:2      | Reached XP level 4. HP: 28/28 MP: 6/9
  1867 | D:2      | Learned a level 2 spell: Blink
  2797 | D:3      | Noticed Ijyb
  2828 | D:3      | Killed Ijyb
  2829 | D:3      | Reached XP level 5. HP: 16/34 MP: 4/10
  2834 | D:3      | Learned a level 1 spell: Slow
  2837 | D:3      | Learned a level 2 spell: Cigotuvi's Dreadful Rot
  2981 | D:3      | Identified the +1 short sword of Ruination {distort, rN+}
  3415 | D:3      | Found a snail-covered altar of Cheibriados.
  3429 | D:3      | Found a blossoming altar of Fedhas.
  3759 | D:4      | Reached skill level 1 in Poison Magic
  3853 | D:4      | Found a glowing drain.
  3922 | Sewer    | Entered a sewer
  3953 | Sewer    | Reached skill level 1 in Air Magic
  4126 | Sewer    | Reached XP level 6. HP: 41/41 MP: 3/11
  4482 | Sewer    | Reached skill level 4 in Spellcasting
  4687 | Sewer    | Reached XP level 7. HP: 46/46 MP: 3/13
  5703 | D:4      | HP: 2/46 [poisoned by an orc]
  6205 | D:4      | Found Salyil's Weapon Emporium.
  6243 | D:5      | Entered Level 5 of the Dungeon
  6278 | D:5      | Noticed Menkaure
  6293 | D:5      | HP: 2/47 [Menkaure (21)]
  6294 | D:5      | Killed Menkaure
  6295 | D:5      | Reached skill level 5 in Spellcasting
  6295 | D:5      | Reached XP level 8. HP: 3/54 MP: 15/15
  6726 | D:5      | Learned a level 3 spell: Call Canine Familiar
  6827 | D:5      | Found an ancient bone altar of Kikubaaqudgha.
  7132 | D:5      | Found a white marble altar of Elyvilon.
  7262 | D:6      | Noticed a shadow
  7370 | D:6      | HP: 1/54 [steam dragon (3)]
  7372 | D:6      | Slain by a steam dragon

Illustrated notes

Levels and vault maps discovered:
D:1:      eino_arrival_water_star, layout_rooms,
          shapermc_ecumenical_altar_notcrosses, eino_curves_02
D:2:      minmay_chambers_of_twos, layout_loops_ring
D:3:      layout_basic, mainiacjoe_overflow_large_starburst, uniq_ijyb
D:4:      layout_gridville, portal_sewer_entry_b, serial_shops,
          nicolae_shop_bloodbath_and_beyond
D:5:      layout_basic, mainiacjoe_overflow_six_doors_small, old_standard_altar,
          uniq_menkaure
D:6:      layout_gridville, temple_pool_b, nicolae_zen_rock_garden

Skill      XL: |  1  2  3  4  5  6  7 |
---------------+----------------------+-----
Fighting       | 1 2 3 4 |  4.4
Conjurations   | 2 3 4 |  4.6
Summonings     | 2 |  2.5
Poison Magic   | 1 2 3 |  3.4
Air Magic      | 1 2 |  2.1
Spellcasting   | 4 5 |  5.2
Translocations | 2 |  2.0
Dodging        | |  2.0
Stealth        | |  2.6

Action                   |  1- 3 |  4- 6 |  7- 9 || total
-------------------------+-------+-------+-------++-------
Melee: Dagger            |    19 |       |       ||    19
       Tentacles         |     9 |     9 |    10 ||    28
       Constrict         |     6 |     8 |    14 ||    28
       Whip              |     7 |    25 |    62 ||    94
       Punch             |     1 |       |       ||     1
 Cast: Magic Dart        |    91 |   135 |    88 ||   314
       Call Imp          |       |     9 |     8 ||    17
       Blink             |       |       |     2 ||     2
       Mephitic Cloud    |       |       |     1 ||     1
       Cigotuvi's Dreadf |       |       |     1 ||     1
  Use: Scroll            |       |    11 |     5 ||    16
       Potion            |       |       |     3 ||     3
 Stab: Distracted        |     1 |     1 |       ||     2
Armor: Skin              |     4 |     4 |     8 ||    16
Dodge: Dodged            |    27 |    20 |    54 ||   101

Table legend: (Time is in decaauts)
 A = Elapsed time spent in this place.
 B = Non-inter-level travel time spent in this place.
 C = Inter-level travel time spent in this place.
 D = Time resting spent in this place.
 E = Time spent auto-exploring this place.
 F = Levels seen in this place.
 G = Mean time per level.
                   A        B        C        D        E       F      G
               +--------+--------+--------+--------+--------+-----+--------+
         Total |   7379 |   7186 |    193 |    719 |   5334 |   7 | 1054.1 |
       Dungeon |   6162 |   5969 |    193 |    636 |   4408 |   6 | 1027.0 |
         Sewer |   1216 |   1216 |      0 |     83 |    926 |   1 | 1216.0 |
               +--------+--------+--------+--------+--------+-----+--------+

Top non-repeatable levels by time:
     D:2: 1526 daAuts
     D:4: 1346 daAuts
     D:3: 1256 daAuts
   Sewer: 1216 daAuts
     D:5: 986 daAuts
     D:1: 901 daAuts
     D:6: 145 daAuts
